AoeStats
← cfosorioq

Fortress

508130548Analyzed
3v3 RM · 12d ago on Sep 21, 2026· 26m 10s· 6 players
Game mode
Random Map
Map size
Large (8 player)
Population
200
Speed
Normal
Resources
Standard
Victory
Conquest
Starting age
Dark Age
Ending age
Imperial Age
RankedLock teamsTeams togetherTeam positionsShared explorationLock speedFull tech treeHidden civsTurbo modeCheats
Victory
Defeat
🇺🇸 Burgundians · United States
1071
+15
🇺🇸 Japanese · United States
1046
+16
🇵🇹 Khmer · Portugal
1030
+17
🇨🇴 Turks · Colombia
1123
-20
🇨🇴 Hindustanis · Colombia
1104
-18
🇨🇴 Spanish · Colombia
911
-10
Clueless Clown
3:53 Double-Bit Axe
3:49 Horse Collar
6:00 Gold Mining
9:29 Feudal Age
13:11 Castle Age
11:27 Bow Saw
11:20 Heavy Plow
12:12 Gold Shaft Mining
13:07 Scale Barding Armor
13:51 Loom
15:17 Wheelbarrow
14:54 Burgundian Vineyards
14:16 Cavalier
17:13 Husbandry
22:05 Fervor
22:24 Hand Cart
23:13 Crop Rotation
23:50 Two-Man Saw
26:43 Two-Man Saw
!
6:51 Loom
10:12 Feudal Age
12:56 Castle Age
10:42 Double-Bit Axe
10:40 Horse Collar
14:02 Bow Saw
15:32 Wheelbarrow
17:09 Heavy Plow
19:44 Wheelbarrow
21:10 Hand Cart
24:02 Town Watch
27:44 Imperial Age
26:40 Gold Mining
stvmllc
7:01 Feudal Age
5:17 Loom
7:25 Horse Collar
7:34 Double-Bit Axe
15:19 Castle Age
14:52 Fletching
15:05 Padded Archer Armor
15:07 Scale Mail Armor
15:18 Forging
16:46 Bow Saw
17:13 Wheelbarrow
18:23 Chain Mail Armor
20:58 Elite Skirmisher
23:23 Bodkin Arrow
23:07 Pikeman
daternera
7:40 Feudal Age
6:47 Loom
14:25 Castle Age
16:41 Double-Bit Axe
19:30 Stone Mining
19:38 Gold Mining
19:41 Stone Mining
23:28 Scale Barding Armor
23:20 Fletching
26:28 Chain Barding Armor
cfosorioq
7:00 Feudal Age
11:01 Castle Age
10:21 Double-Bit Axe
12:13 Bow Saw
20:15 Horse Collar
23:09 Wheelbarrow
22:20 Loom
22:20 Town Watch
23:48 Heavy Plow
caaruizma
7:10 Feudal Age
10:59 Castle Age
11:40 Double-Bit Axe
11:38 Horse Collar
17:10 Heavy Plow
19:13 Bow Saw
22:48 Gold Mining
Connection lost

Rejoining the realm…

Still unreachable

The connection could not be restored.

Session expired

The server has moved on; the page needs a fresh start.